TOP OF THE 1ST |
---|
Masconomet HS Chieftans batting - Pitching for Randall HS Raiders : RHP Eric Hartley | Pitching: RHP Eric Hartley | | Batting: RHB Kenny Canady | 0-0: Ball 1-0: Swinging Strike 1-1: Swinging Strike 1-2: Foul Ball, location: 2F 1-2: Foul Ball, location: 2F 1-2: Foul Ball, location: 2F 1-2: Ball 2-2: Strikes out swinging | Batting: RHB Otis Moore | 0-0: Ball 1-0: Foul Ball, location: 2F 1-1: Ball 2-1: Ball 3-1: Base on Balls | Batting: RHB Irwin Harris | 0-0: Ball Throwing error on steal attempt, E2 Otis Moore to third 1-0: Foul Ball, location: 2F 1-1: Ground out 1-3 (Groundball, 15S) | Batting: RHB Brian Knox | 0-0: Ball 1-0: Ball 2-0: Foul Ball, location: 2F 2-1: Called Strike 2-2: SINGLE (Groundball, 56D) Otis Moore scores | Batting: RHB Burt Scott | 0-0: Ball 1-0: Called Strike 1-1: Called Strike 1-2: Strikes out swinging | Top of the 1st over - 1 run, 1 hit, 1 error, 1 left on base; Masconomet HS 1 - Randall HS 0 | BOTTOM OF THE 1ST |
---|
Randall HS Raiders batting - Pitching for Masconomet HS Chieftans : LHP Steve Tanner | Pitching: LHP Steve Tanner | | Batting: RHB Jesús Salazar | 0-0: Ball 1-0: SINGLE (Flyball, 8RS) | Batting: RHB John Zhu | 0-0: Fielders Choice at 2nd, 4-6 (Groundball, 4) | Batting: RHB Brody Sexton | 0-0: Called Strike 0-1: Ball 1-1: Ball 2-1: Ball 3-1: Foul Ball, location: 2F 3-2: Base on Balls John Zhu to second | Batting: RHB Cory Douglas | 0-0: Called Strike 0-1: Ball 1-1: Ball 2-1: Swinging Strike 2-2: Strikes out swinging | Batting: RHB Tony Burhoe | 0-0: Ball 1-0: Ball 2-0: Ball 3-0: Base on Balls John Zhu to third Brody Sexton to second | Batting: SHB Keith Ryan | 0-0: Swinging Strike 0-1: Ball 1-1: Swinging Strike 1-2: Strikes out looking | Bottom of the 1st over - 0 runs, 1 hit, 0 errors, 3 left on base; Masconomet HS 1 - Randall HS 0 | TOP OF THE 2ND |
---|
Masconomet HS Chieftans batting - Pitching for Randall HS Raiders : RHP Eric Hartley | Batting: RHB Tom Petersen | 0-0: Ball 1-0: Reached on error, E4 (Groundball, 4) | Batting: SHB Carl Savage | 0-0: Ball 1-0: Foul Ball, location: 2F 1-1: Ball 2-1: Ball 3-1: Called Strike 3-2: Foul Ball, location: 2F 3-2: Foul Ball, location: 2F 3-2: Foul Ball, location: 2F 3-2: SINGLE (Groundball, 4MD) Tom Petersen to third | Batting: RHB Ross Thrower | 0-0: Ball 1-0: Called Strike 1-1: Called Strike 1-2: Ball 2-2: Strikes out swinging | Batting: SHB Vicente Ramírez | 0-0: Fielders Choice at 2nd, 5-4 (Groundball, 56) Tom Petersen scores | Batting: RHB Kenny Canady | 0-0: Foul Ball, location: 2F 0-1: Ball Wild Pitch! Vicente Ramírez to second 1-1: Swinging Strike 1-2: Ball 2-2: Ball 3-2: Fly out, F7 (Flyball, 7S) | Top of the 2nd over - 1 run, 1 hit, 1 error, 1 left on base; Masconomet HS 2 - Randall HS 0 | BOTTOM OF THE 2ND |
---|
Randall HS Raiders batting - Pitching for Masconomet HS Chieftans : LHP Steve Tanner | Batting: LHB Buddy Jones | 0-0: Called Strike 0-1: Foul Ball, location: 2F 0-2: Ball 1-2: SINGLE (Groundball, 4MD) | Batting: RHB Don Ulrich | 0-0: Ball 1-0: Called Strike 1-1: SINGLE (Groundball, 4MD) Buddy Jones to second | Batting: RHB Luis Sánchez | 0-0: Called Strike 0-1: Ball 1-1: Grounds into double play, 6-4-3 (Groundball, 6) Buddy Jones to third | Batting: RHB Jesús Salazar | 0-0: Ball 1-0: Foul Ball, location: 2F 1-1: Ball 2-1: Ball 3-1: Called Strike 3-2: SINGLE (Flyball, 7LS) Buddy Jones scores | Batting: RHB John Zhu | 0-0: Ball 1-0: Ball 2-0: Foul Ball, location: 2F 2-1: Called Strike 2-2: Single, Error in OF, E7, batter to second base Jesús Salazar to third | Batting: RHB Brody Sexton | 0-0: Called Strike 0-1: Ball 1-1: Ball 2-1: DOUBLE (Flyball, 89XD) Jesús Salazar scores John Zhu scores | Batting: RHB Cory Douglas | 0-0: Called Strike 0-1: 2-RUN HOME RUN (Flyball, 7LD), Distance : 350 ft | Batting: RHB Tony Burhoe | 0-0: Ball 1-0: Ground out 4-3 (Groundball, 34) | Bottom of the 2nd over - 5 runs, 6 hits, 1 error, 0 left on base; Masconomet HS 2 - Randall HS 5 | TOP OF THE 3RD |
---|
Masconomet HS Chieftans batting - Pitching for Randall HS Raiders : RHP Eric Hartley | Batting: RHB Otis Moore | 0-0: Called Strike 0-1: Ball 1-1: Foul Ball, location: 2F 1-2: Foul Ball, location: 2F 1-2: Fly out, F6 (Line Drive, 6) | Batting: RHB Irwin Harris | 0-0: Called Strike 0-1: Called Strike 0-2: Ball 1-2: Ball 2-2: Ball 3-2: Fly out, F9 (Line Drive, 89M) | Batting: RHB Brian Knox | 0-0: Ball 1-0: Called Strike 1-1: Foul Ball, location: 2F 1-2: SINGLE (Groundball, 4D) | Batting: RHB Burt Scott | 0-0: Ball 1-0: SINGLE (Flyball, 9LS) Brian Knox to second | Batting: RHB Tom Petersen | 0-0: DOUBLE (Groundball, 5L) Brian Knox scores Burt Scott to third | Batting: SHB Carl Savage | 0-0: Foul Ball, location: 2F 0-1: Ball 1-1: Ball 2-1: Ground out 4-3 (Groundball, 4) | Top of the 3rd over - 1 run, 3 hits, 0 errors, 2 left on base; Masconomet HS 3 - Randall HS 5 | BOTTOM OF THE 3RD |
---|
Randall HS Raiders batting - Pitching for Masconomet HS Chieftans : LHP Steve Tanner | Batting: SHB Keith Ryan | 0-0: Called Strike 0-1: Foul Ball, location: 2F 0-2: Ball 1-2: Ball 2-2: Ground out 5-3 (Groundball, 56) | Batting: LHB Buddy Jones | 0-0: Called Strike 0-1: SINGLE (Groundball, 25) (infield hit) | Batting: RHB Don Ulrich | 0-0: Ball 1-0: Foul Ball, location: 2F 1-1: Foul Ball, location: 2F 1-2: Strikes out swinging | Batting: RHB Luis Sánchez | 0-0: Ball 1-0: SINGLE (Popup, 23) Buddy Jones to second Runner from 2nd tries for 3rd, SAFE, throw made to third | Batting: RHB Jesús Salazar | 0-0: Ball 1-0: Called Strike 1-1: Ball 2-1: Ball 3-1: Base on Balls Luis Sánchez to second | Batting: RHB John Zhu | 0-0: Ball 1-0: GRAND SLAM HOME RUN (Flyball, 7LD), Distance : 334 ft | Pitching: RHP Wayne Meyer | | Batting: RHB Brody Sexton | 0-0: Called Strike 0-1: Foul Ball, location: 2F 0-2: Strikes out looking | Bottom of the 3rd over - 4 runs, 3 hits, 0 errors, 0 left on base; Masconomet HS 3 - Randall HS 9 | TOP OF THE 4TH |
---|
Masconomet HS Chieftans batting - Pitching for Randall HS Raiders : RHP Eric Hartley | Batting: RHB Ross Thrower | 0-0: Ball 1-0: TRIPLE (Line Drive, 89XD) | Batting: SHB Vicente Ramírez | 0-0: Ball 1-0: Ball 2-0: Swinging Strike 2-1: Ball 3-1: Swinging Strike 3-2: Strikes out swinging | Batting: RHB Kenny Canady | 0-0: Ball 1-0: Ball 2-0: SINGLE (Line Drive, 6D) Ross Thrower scores | Batting: RHB Otis Moore | 0-0: Ball Kenny Canady is caught stealing 2nd base 1-0: Ball 2-0: Ball 3-0: Called Strike 3-1: Fly out, F8 (Flyball, 8LS) | Top of the 4th over - 1 run, 2 hits, 0 errors, 0 left on base; Masconomet HS 4 - Randall HS 9 | BOTTOM OF THE 4TH |
---|
Randall HS Raiders batting - Pitching for Masconomet HS Chieftans : RHP Wayne Meyer | Batting: RHB Cory Douglas | 0-0: Called Strike 0-1: Ball 1-1: SINGLE (Groundball, 6D) | Batting: RHB Tony Burhoe | 0-0: Ball 1-0: Grounds into double play, 5-4-3 (Groundball, 56) | Batting: SHB Keith Ryan | 0-0: Ball 1-0: Called Strike 1-1: Swinging Strike 1-2: Foul Ball, location: 2F 1-2: Ball 2-2: Fly out, F6 (Popup, 6) | Bottom of the 4th over - 0 runs, 1 hit, 0 errors, 0 left on base; Masconomet HS 4 - Randall HS 9 | TOP OF THE 5TH |
---|
Masconomet HS Chieftans batting - Pitching for Randall HS Raiders : RHP Eric Hartley | Batting: RHB Irwin Harris | 0-0: Ball 1-0: Called Strike 1-1: Ball 2-1: Foul Ball, location: 2F 2-2: Foul Ball, location: 2F 2-2: Ground out 3-1 (Groundball, 34S) | Batting: RHB Brian Knox | 0-0: Fly out, F4 (Line Drive, 4M) | Batting: RHB Burt Scott | 0-0: Ball 1-0: Ball 2-0: Reached on error, E8 (Line Drive, 8LD) | Batting: RHB Tom Petersen | 0-0: Ball 1-0: Called Strike 1-1: 2-RUN HOME RUN (Flyball, 7D), Distance : 367 ft | Batting: SHB Carl Savage | 0-0: Ball 1-0: Called Strike 1-1: DOUBLE (Line Drive, 9D) | Batting: RHB Ross Thrower | 0-0: Ball 1-0: Ball 2-0: Ball 3-0: Called Strike 3-1: Ground out 4-3 (Groundball, 4) | Top of the 5th over - 2 runs, 2 hits, 1 error, 1 left on base; Masconomet HS 6 - Randall HS 9 | BOTTOM OF THE 5TH |
---|
Randall HS Raiders batting - Pitching for Masconomet HS Chieftans : RHP Wayne Meyer | Batting: LHB Buddy Jones | 0-0: Ball 1-0: Fly out, F7 (Flyball, 7) | Batting: RHB Don Ulrich | 0-0: Ball 1-0: Ball 2-0: Ball 3-0: Called Strike 3-1: Base on Balls | Batting: RHB Luis Sánchez | 0-0: Called Strike 0-1: Foul Ball, location: 2F 0-2: SINGLE (Flyball, 8RS) Don Ulrich to second | Batting: RHB Jesús Salazar | 0-0: Called Strike 0-1: Called Strike 0-2: Ball 1-2: Ball 2-2: Strikes out swinging | Batting: RHB John Zhu | 0-0: Called Strike 0-1: Swinging Strike 0-2: Ground out 4-3 (Groundball, 4) | Bottom of the 5th over - 0 runs, 1 hit, 0 errors, 2 left on base; Masconomet HS 6 - Randall HS 9 | TOP OF THE 6TH |
---|
Masconomet HS Chieftans batting - Pitching for Randall HS Raiders : RHP Eric Hartley | Batting: SHB Vicente Ramírez | 0-0: Called Strike 0-1: Ball 1-1: Swinging Strike 1-2: Ball 2-2: Ball 3-2: Fly out, F8 (Flyball, 78D) | Batting: RHB Kenny Canady | 0-0: Ball 1-0: Ball 2-0: Foul Ball, location: 2F 2-1: Ground out 5-3 (Groundball, 56S) | Batting: RHB Otis Moore | 0-0: Ball 1-0: Called Strike 1-1: Ball 2-1: Foul Ball, location: 2F 2-2: Ground out 1-3 (Groundball, 15S) | Top of the 6th over - 0 runs, 0 hits, 0 errors, 0 left on base; Masconomet HS 6 - Randall HS 9 | BOTTOM OF THE 6TH |
---|
Randall HS Raiders batting - Pitching for Masconomet HS Chieftans : RHP Wayne Meyer | Batting: RHB Brody Sexton | 0-0: Ball 1-0: Called Strike 1-1: Ball 2-1: Ball 3-1: Foul Ball, location: 2F 3-2: Foul Ball, location: 2F 3-2: Reached on error, E5 (Groundball, 56) | Batting: RHB Cory Douglas | 0-0: Intentional Walk | Batting: RHB Tony Burhoe | 0-0: SINGLE (Groundball, 34D) Brody Sexton to third Cory Douglas to second Runner from 3rd tries for Home, SAFE, throw made home | Batting: SHB Keith Ryan | 0-0: Ball 1-0: Swinging Strike 1-1: Foul Ball, location: 2F 1-2: Strikes out swinging | Batting: LHB Buddy Jones | 0-0: Swinging Strike 0-1: Ball 1-1: Foul Ball, location: 2F 1-2: Ball 2-2: Foul Ball, location: 2F 2-2: Strikes out swinging | Batting: RHB Don Ulrich | 0-0: Foul Ball, location: 2F 0-1: Swinging Strike 0-2: Foul Ball, location: 2F 0-2: Strikes out swinging | Bottom of the 6th over - 1 run, 1 hit, 1 error, 2 left on base; Masconomet HS 6 - Randall HS 10 | TOP OF THE 7TH |
---|
Masconomet HS Chieftans batting - Pitching for Randall HS Raiders : RHP Eric Hartley | Batting: RHB Irwin Harris | 0-0: Ball 1-0: Called Strike 1-1: DOUBLE (Groundball, 5L) | Batting: RHB Brian Knox | 0-0: Ball 1-0: Ball 2-0: Called Strike 2-1: Foul Ball, location: 2F 2-2: Ball 3-2: SINGLE (Groundball, 34D) Irwin Harris to third Runner from 3rd tries for Home, SAFE, throw made home | Pitching: RHP Branson Dadswell | | Batting: RHB Burt Scott | 0-0: Called Strike 0-1: Called Strike 0-2: Foul Ball, location: 2F 0-2: Strikes out swinging | Batting: RHB Tom Petersen | 0-0: Ball 1-0: Foul Ball, location: 2F 1-1: SINGLE (Groundball, 34D) Brian Knox to second Runner from 2nd tries for 3rd, SAFE, throw made to third | Batting: SHB Carl Savage | 0-0: Ball 1-0: Ball 2-0: Ball 3-0: Base on Balls Tom Petersen to second | Batting: RHB Ross Thrower | 0-0: Swinging Strike 0-1: Called Strike 0-2: Strikes out swinging | Batting: SHB Vicente Ramírez | 0-0: Ball 1-0: Swinging Strike Passed Ball! Brian Knox scores Tom Petersen to third Carl Savage to second 1-1: SINGLE (Groundball, 4MD) Tom Petersen scores Carl Savage to third Runner from 3rd tries for Home, throw and OUT! | Top of the 7th over - 3 runs, 4 hits, 0 errors, 1 left on base; Masconomet HS 9 - Randall HS 10 | BOTTOM OF THE 7TH |
---|
Randall HS Raiders batting - Pitching for Masconomet HS Chieftans : RHP Wayne Meyer | Batting: RHB Luis Sánchez | 0-0: Ground out U3 (Groundball, 34S) | Batting: RHB Jesús Salazar | 0-0: Ball 1-0: Swinging Strike 1-1: Ball 2-1: Ball 3-1: Foul Ball, location: 2F 3-2: Foul Ball, location: 2F 3-2: Base on Balls | Pitching: RHP Mariano Cruz | | Batting: RHB John Zhu | 0-0: Called Strike 0-1: Foul Ball, location: 2F 0-2: Foul Ball, location: 2F 0-2: Ball Jesús Salazar steals 2nd base 1-2: Strikes out swinging | Batting: RHB Brody Sexton | 0-0: SINGLE (Line Drive, 4M) Jesús Salazar to third Runner from 3rd tries for Home, throw and OUT! | Bottom of the 7th over - 0 runs, 1 hit, 0 errors, 1 left on base; Masconomet HS 9 - Randall HS 10 | TOP OF THE 8TH |
---|
Masconomet HS Chieftans batting - Pitching for Randall HS Raiders : RHP Branson Dadswell | Batting: RHB Kenny Canady | 0-0: Ball 1-0: Ball 2-0: Foul Ball, location: 2F 2-1: Ball 3-1: SINGLE (Groundball, 56D) | Batting: RHB Otis Moore | 0-0: Ball 1-0: Ball 2-0: Bunted foul 2-1: Ball 3-1: Ball Kenny Canady to second | Batting: RHB Irwin Harris | 0-0: Ball 1-0: Ball 2-0: Ball 3-0: Base on Balls Kenny Canady to third Otis Moore to second | Batting: RHB Brian Knox | 0-0: Foul Ball, location: 2F 0-1: Ball 1-1: Fly out, F8 (Flyball, 89D) Runner from 3rd tags up, SCORES, no throw | Batting: RHB Burt Scott | 0-0: Ground out 5-3 (Groundball, 56S) Otis Moore to third Irwin Harris to second | Batting: RHB Tom Petersen | 0-0: Foul Ball, location: 2F 0-1: Ball 1-1: Fly out, F8 (Line Drive, 8RM) | Top of the 8th over - 1 run, 1 hit, 0 errors, 2 left on base; Masconomet HS 10 - Randall HS 10 | BOTTOM OF THE 8TH |
---|
Randall HS Raiders batting - Pitching for Masconomet HS Chieftans : RHP Mariano Cruz | Batting: RHB Cory Douglas | 0-0: Ball 1-0: Fly out, F7 (Flyball, 7D) | Batting: RHB Tony Burhoe | 0-0: Ball 1-0: Called Strike 1-1: Called Strike 1-2: Fly out, F9 (Flyball, 9) | Batting: SHB Keith Ryan | 0-0: Swinging Strike 0-1: Ball 1-1: Foul Ball, location: 2F 1-2: Ball 2-2: Strikes out swinging | Bottom of the 8th over - 0 runs, 0 hits, 0 errors, 0 left on base; Masconomet HS 10 - Randall HS 10 | TOP OF THE 9TH |
---|
Masconomet HS Chieftans batting - Pitching for Randall HS Raiders : RHP Branson Dadswell | Batting: SHB Carl Savage | 0-0: Ball 1-0: Swinging Strike 1-1: Ball 2-1: Ground out U3 (Groundball, 3) | Batting: RHB Ross Thrower | 0-0: Called Strike 0-1: Called Strike 0-2: Ball 1-2: Foul Ball, location: 2F 1-2: SINGLE (Line Drive, 34) | Batting: SHB Vicente Ramírez | 0-0: Called Strike 0-1: Foul Ball, location: 2F 0-2: Ball 1-2: Ball 2-2: 2-RUN HOME RUN (Flyball, 7LD), Distance : 343 ft | Batting: RHB Kenny Canady | 0-0: Ball 1-0: Ball 2-0: Called Strike 2-1: Called Strike 2-2: Foul Ball, location: 2F 2-2: Hit by Pitch | Batting: RHB Otis Moore | 0-0: Ball Kenny Canady is caught stealing 2nd base 1-0: Called Strike 1-1: Ball 2-1: SINGLE (Line Drive, 34D) | Pitching: LHP Bill Bond | | Batting: RHB Irwin Harris | 0-0: Ball 1-0: Foul Ball, location: 2F 1-1: SINGLE (Groundball, 6MD) Otis Moore to second | Batting: RHB Brian Knox | 0-0: DOUBLE (Line Drive, 9LD) Otis Moore scores Irwin Harris to third Runner from 3rd tries for Home, SAFE, no throw | Batting: RHB Burt Scott | 0-0: Called Strike 0-1: Ball 1-1: Foul Ball, location: 2F 1-2: Ball 2-2: Fly out, F6 (Line Drive, 6M) | Top of the 9th over - 4 runs, 5 hits, 0 errors, 1 left on base; Masconomet HS 14 - Randall HS 10 | BOTTOM OF THE 9TH |
---|
Randall HS Raiders batting - Pitching for Masconomet HS Chieftans : RHP Mariano Cruz | Pitching: RHP Chad Adams | | Batting: LHB Buddy Jones | 0-0: Called Strike 0-1: Called Strike 0-2: Foul Ball, location: 2F 0-2: Strikes out swinging wild pitch, reaches first! | Batting: RHB Don Ulrich | 0-0: Ball 1-0: Ball 2-0: Ball 3-0: Called Strike 3-1: Fly out, F3 (Line Drive, 34) | Batting: RHB Luis Sánchez | 0-0: Ground out 5-3 (Groundball, 56S) Buddy Jones to second | Batting: RHB Jesús Salazar | 0-0: Foul Ball, location: 2F 0-1: Swinging Strike 0-2: Ball 1-2: Fly out, F7 (Flyball, 7D) | Bottom of the 9th over - 0 runs, 0 hits, 0 errors, 1 left on base; Masconomet HS 14 - Randall HS 10 | |